 Dungeon Crawl Stone Soup version 0.24.0-123-gd5b16e6ec5 (webtiles) character file.

Game seed: 9453701801731380451, levelgen mode: deterministic

44647 Johnny the Earth Mage (level 13, -1/86 HPs)
             Began as a Demigod Earth Elementalist on Feb 2, 2020.
             Slain by a wraith (8 damage)
             ... on level 14 of the Dungeon.
             The game lasted 00:26:19 (16515 turns).

Johnny the Earth Mage (Demigod Earth Elementalist) Turns: 16515, Time: 00:26:19

Health: -1/86      AC: 10    Str: 11    XL:     13   Next: 59%
Magic:  10/45      EV: 11    Int: 32    God:
Gold:   464        SH:  5    Dex: 16    Spells: 26/39 levels left

rFire    + . .     SeeInvis .   v - +1 falchion "Qyptes" {drain, MR+ Int+2}
rCold    . . .     Gourm    .   U - +0 buckler
rNeg     . . .     Faith    .   p - +2 robe {Archmagi}
rPois    .         Spirit   .   y - +2 hat {Int+3}
rElec    .         Reflect  .   L - +2 cloak
rCorr    .         Harm     .   c - +0 pair of gloves
MR       ++...                  (no boots)
Stlth    ++........             F - amulet of magic regeneration
HPRegen  0.24/turn              b - ring "Anurutel" {rF+ Slay+1}
MPRegen  0.54/turn              j - ring of magical power

@: about to teleport, slowed, heavily drained, very slow
A: high mp 1
a: no special abilities


You were on level 14 of the Dungeon.
You were very hungry.

You visited 2 branches of the dungeon, and saw 16 of its levels.
You also visited: Ossuary and Gauntlet.

You collected 1532 gold pieces.
You spent 1068 gold pieces at shops.

Inventory:

Hand Weapons
 o - a +0 spear of freezing
 v - the +1 falchion "Qyptes" (weapon) {drain, MR+ Int+2}
   (You took it off a minotaur in a Gauntlet)

   A truly terrible weapon, it drains the life of those it strikes.
   It affects your intelligence (+2).
   It affects your resistance to hostile enchantments.
 C - the +11 flail of Equilibrium {protect, Int+3}
   (You found it in a Gauntlet)

   It grants its wielder temporary protection when it strikes (+7 to AC).
   It affects your intelligence (+3).
Missiles
 s - 337 stones (quivered)
Armour
 c - a +0 pair of gloves (worn)
 p - a +2 robe of the Archmagi (worn)
 y - a +2 hat of intelligence (worn)
 L - a +2 cloak (worn)
 T - a +0 shield
 U - a +0 buckler (worn)
Jewellery
 a - a cursed -2 ring of dexterity {unknown}
 b - the ring "Anurutel" (left hand) {rF+ Slay+1}
   (You found it in a Gauntlet)

   [ring of slaying]

   It affects your accuracy and damage with ranged weapons and melee attacks
   (+1).
   It protects you from fire.
 g - a +2 ring of dexterity {unknown}
 j - a ring of magical power (right hand)
 m - the ring "Papazubu" {rPois MR+ Int+4 Slay+3}
   (You took it off a minotaur in a Gauntlet)

   [ring of poison resistance]

   It affects your intelligence (+4).
   It affects your accuracy and damage with ranged weapons and melee attacks
   (+3).
   It protects you from poison.
   It affects your resistance to hostile enchantments.
 F - an amulet of magic regeneration (around neck)
 G - an uncursed ring of stealth
 H - an uncursed ring of ice
 K - an uncursed ring of poison resistance {unknown}
 S - a cursed ring of resist corrosion {unknown}
 V - a cursed -2 ring of intelligence {unknown}
Wands
 I - a wand of polymorph (15)
 N - a wand of random effects (18)
Scrolls
 e - 7 scrolls of teleportation
 h - 4 scrolls of enchant armour
 n - 6 scrolls of remove curse
 q - 2 scrolls of noise
 r - 5 scrolls of fear
 t - 4 scrolls of fog
 u - 5 scrolls of amnesia
 B - 2 scrolls of blinking
 O - a scroll of immolation
 P - a scroll of summoning
 Q - a scroll of holy word {unknown}
Potions
 f - 2 potions of might
 i - 8 potions of lignification
 k - 3 potions of haste
 l - a potion of resistance
 w - 3 potions of brilliance {unknown}
 x - a potion of ambrosia
 A - 4 potions of heal wounds
 D - 13 potions of curing
 E - 2 potions of agility
 J - a potion of cancellation
 M - 2 potions of mutation
 W - 4 potions of flight
Comestibles
 d - 19 rations


   Skills:
 - Level 1.7(0.6) Dodging
 - Level 1.7(0.6) Stealth
 + Level 5.5(4.3) Shields
 + Level 13.9(12.3) Spellcasting
 - Level 0.8(0.0) Transmutations
 + Level 15.0(13.4) Earth Magic


You had 26 spell levels left.
You knew the following spells:

 Your Spells              Type           Power        Failure   Level  Hunger
a - Sandblast             Erth           ######       0%          1    None
b - Stone Arrow           Conj/Erth      ######       1%          3    None
c - Lee's Rapid Deconstr  Erth           ########..   1%          5    #......
d - Petrify               Tmut/Erth      #######.     1%          4    None

Your spell library contained the following spells:

 Spells                   Type           Power        Failure   Level  Hunger
 Passwall                 Tmut/Erth      #######.     1%          2    None
 Apportation              Tloc           ####..       2%          1    None
 Infusion                 Chrm           ####         2%          1    None
 Magic Dart               Conj           ####         2%          1    None
 Summon Butterflies       Summ           ####....     2%          1    None
 Searing Ray              Conj           ####..       3%          2    None
 Shroud of Golubria       Chrm/Tloc      ####..       3%          2    None
 Song of Slaying          Chrm           ####....     3%          2    None
 Dazzling Spray           Conj/Hex       ####..       7%          3    None
 Lesser Beckoning         Tloc           ####......   7%          3    None
 Regeneration             Chrm/Necr      ####......   7%          3    None
 Spectral Weapon          Hex/Chrm       ####....     7%          3    None
 Tukima's Dance           Hex            ####....     7%          3    None
 Force Lance              Conj/Tloc      ####....     24%         4    None
 Fulminant Prism          Conj/Hex       ####......   24%         4    None
 Iskenderun's Mystic Bla  Conj           ####....     24%         4    None
 Alistair's Intoxication  Tmut/Pois      ####....     54%         5    #......
 Invisibility             Hex            ####....     98%         6    ####...


Dungeon Overview and Level Annotations

Branches:
Dungeon (14/15)            Temple (0/1) D:6            Lair (0/6) D:11
    Orc (2/2) D:10         Vaults (0/5) D:13        Ossuary (visited)
Gauntlet (visited)
    Elf: Orc:2

Shops:
D:10 !   D:11 !   Orc:1 (


Innate Abilities, Weirdness & Mutations

You have an increased reservoir of magic. (+10% MP)


Message History

Okay, then.
You closely miss the kobold. You block the wight's attack.
The wraith barely misses you.
The wight hits you with a cursed +4 flail.
You feel drained. The kobold hits you but does no damage.
The wight hits you with a +0 war axe.
You feel drained.
Unknown command.
You hit the wraith but do no damage.
An orc comes into view. It is wielding a +0 war axe.
The wraith hits you. The freezing wraith hits you!
The freezing wraith freezes you!!
* * * LOW HITPOINT WARNING * * *
The freezing wraith hits you.
* * * LOW HITPOINT WARNING * * *
The freezing wraith drains your vigour!
You feel yourself slow down.
The wight hits you with a cursed +4 flail.
* * * LOW HITPOINT WARNING * * *
You block the kobold's attack. The wight hits you but does no damage.
The wraith hits you!
You die...

,****,,,,,,,**,,,** *,**
,,,,,>,,,,,,*8...8* *,,*
,,,,,,****##*#..o#*## ***,*
...#*,*8*##8##...##8#**8*,*
...',,,,,...........,,,,,,*
..z#*,,,,......⌠...,,,,,,,*
...#*,,,,,,.....z.,,,,,,,,*
...###*8***8*#.WK#*8***8***
.....#*** **##.z@##** ***
...≈.# #8.zW8# .....#
##...## ..%≈.# #...# ..W..#
##...## ..≈..# #8...8#
..†..# ##...##
#.)##########....#
##..........).####


You could see a freezing wraith, a wraith, 3 wights, an orc and a kobold.

Vanquished Creatures
  A minotaur (Gauntlet)
  A green death (Gauntlet)
  Fannar (Orc:1)
  2 hydras
  3 vault guards (D:13)
  3 catoblepae
  2 centaur warriors
  A death knight (D:14)
  A death yak (D:10)
  4 two-headed ogres
  5 skeletal warriors (D:10)
  An unseen horror (D:12)
  Pikel (D:8)
  2 deep elf magi (D:14)
  A wolf spider zombie (D:14)
  3 orc sorcerers
  3 cyclopes
  An ugly thing (D:12)
  A manticore (D:13)
  Psyche (D:8)
  A spiny frog (shapeshifter) (D:13)
  A gargoyle (Gauntlet)
  2 molten gargoyles (Gauntlet)
  2 freezing wraiths (D:14)
  8 trolls
  Grinder (D:6)
  7 hippogriffs
  4 slime creatures (D:9)
  A hornet (D:12)
  3 dream sheep
  Sigmund (D:5)
  18 yaks
  2 wraiths
  A shadow (D:14)
  Grum (D:8)
  A basilisk (D:13)
  9 humans (D:13)
  3 hungry ghosts
  2 wargs
  Edmund (D:6)
  2 two-headed ogre zombies (D:10)
  A water moccasin (D:5)
  7 sky beasts
  A slave (D:8)
  2 eyes of draining
  14 orc warriors
  A necrophage (D:9)
  4 ice beasts
  A black bear (D:7)
  8 phantoms
  5 centaurs
  10 ogres
  2 wolves (D:8)
  5 big kobolds
  A crocodile (D:13)
  8 bullfrogs
  A wyvern zombie (D:10)
  4 wyvern skeletons
  4 scorpions
  A troll zombie (D:10)
  A water moccasin skeleton (D:5)
  11 killer bees (D:11)
  5 wights
  7 howler monkeys
  7 crimson imps
  3 bullfrog zombies
  A quasit (D:12)
  8 hounds
  4 jellies
  28 orc wizards
  13 orc priests
  6 centaur skeletons
  6 bullfrog skeletons
  5 iguanas
  8 worker ants
  A killer bee zombie (D:5)
  A big kobold zombie (Ossuary)
  5 ogre zombies (D:10)
  A howler monkey zombie (D:9)
  8 mummies (Ossuary)
  2 worker ant zombies
  8 gnolls
  12 adders
  5 shadow imps
  An adder skeleton (D:5)
  3 worms
  3 dart slugs
  3 leopard geckos
  65 orcs
  2 ball pythons (D:1)
  5 giant cockroaches
  5 goblins
  11 hobgoblins
  7 jackals
  A quokka (D:8)
  4 bats
  6 frilled lizards
  A goblin skeleton (D:10)
  A goblin zombie (D:10)
  A hobgoblin skeleton (D:10)
  6 hobgoblin zombies
  12 kobolds
  4 kobold zombies (Ossuary)
  A leopard gecko skeleton (D:8)
  A leopard gecko zombie (D:5)
  2 orc skeletons (D:10)
  17 orc zombies (D:10)
  A quokka zombie (D:9)
  7 rats
  A demonic plant (Gauntlet)
516 creatures vanquished.

Vanquished Creatures (others)
  An orc (D:8)
1 creature vanquished.

Grand Total: 517 creatures vanquished

Notes
Turn   | Place    | Note
-------+----------+-------------------------------------------
     0 | D:1      | Johnny the Demigod Earth Elementalist began the quest for
                  | the Orb.
     0 | D:1      | Reached XP level 1. HP: 14/14 MP: 5/5
   348 | D:1      | Reached skill level 3 in Earth Magic
   404 | D:1      | Reached XP level 2. HP: 15/20 MP: 3/7
  1144 | D:2      | Reached XP level 3. HP: 21/26 MP: 1/9
  1697 | D:2      | Learned a level 3 spell: Stone Arrow
  1959 | D:3      | Found a stormy altar of Qazlal.
  2016 | D:3      | Reached XP level 4. HP: 27/33 MP: 11/11
  2021 | D:3      | Reached skill level 4 in Earth Magic
  2212 | D:3      | You fall into a shaft and drop 3 floors!
  2213 | D:6      | Noticed an ice beast
  2223 | D:6      | Found a staircase to the Ecumenical Temple.
  2228 | D:6      | Killed an ice beast
  2228 | D:6      | Reached XP level 5. HP: 34/38 MP: 9/13
  2427 | D:6      | Noticed an ogre
  2435 | D:6      | Killed an ogre
  2441 | D:6      | Reached XP level 6. HP: 45/45 MP: 15/15
  2466 | D:5      | Entered Level 5 of the Dungeon
  2488 | D:5      | Reached skill level 5 in Earth Magic
  2639 | D:5      | Learned a level 5 spell: Lee's Rapid Deconstruction
  2644 | D:5      | Learned a level 4 spell: Petrify
  2697 | D:5      | Reached XP level 7. HP: 31/50 MP: 12/17
  2708 | D:5      | Reached skill level 5 in Spellcasting
  2722 | D:5      | HP: 2/50 [poisoned by a worker ant]
  2729 | D:5      | HP: 2/50 [poisoned by a worker ant]
  3047 | D:5      | Found a shimmering altar of Xom.
  3158 | D:5      | Reached skill level 6 in Earth Magic
  3364 | D:5      | Found a blossoming altar of Fedhas.
  3378 | D:5      | Found a shattered altar of Ashenzari.
  3449 | D:5      | Noticed Sigmund
  3461 | D:5      | Killed Sigmund
  3947 | D:4      | Reached XP level 8. HP: 33/57 MP: 20/20
  4024 | D:4      | Reached skill level 7 in Earth Magic
  4827 | D:6      | Noticed Grinder
  4839 | D:6      | Killed Grinder
  5214 | D:6      | Reached skill level 8 in Earth Magic
  5249 | D:6      | Noticed Edmund
  5255 | D:6      | Killed Edmund
  5392 | D:7      | Found a sand-covered staircase.
  5410 | Ossuary  | Entered an ossuary
  5806 | D:7      | Found a shimmering blue altar of Sif Muna.
  5894 | D:7      | Reached XP level 9. HP: 59/62 MP: 24/24
  6318 | D:8      | Noticed a two-headed ogre
  6323 | D:8      | Killed a two-headed ogre
  6323 | D:8      | Reached skill level 9 in Earth Magic
  6618 | D:8      | Noticed a two-headed hydra
  6625 | D:8      | Killed a two-headed hydra
  6625 | D:8      | Reached skill level 10 in Earth Magic
  6742 | D:8      | Reached XP level 10. HP: 44/69 MP: 27/27
  6998 | D:8      | Noticed Pikel
  7017 | D:8      | Killed Pikel
  7185 | D:8      | Noticed Psyche
  7192 | D:8      | Killed Psyche
  7236 | D:8      | Noticed Grum
  7248 | D:8      | Killed Grum
  7563 | D:9      | Reached skill level 10 in Spellcasting
  7613 | D:9      | Reached skill level 11 in Earth Magic
  8006 | D:9      | Found an ancient bone altar of Kikubaaqudgha.
  8210 | D:9      | Noticed a two-headed ogre
  8215 | D:9      | Killed a two-headed ogre
  8215 | D:9      | Reached XP level 11. HP: 74/74 MP: 23/30
  8631 | D:9      | Identified a scroll of acquirement
  8677 | D:10     | Entered Level 10 of the Dungeon
  8682 | D:10     | Noticed a skeletal warrior
  8683 | D:10     | Noticed a skeletal warrior
  8686 | D:10     | Killed a skeletal warrior
  8686 | D:10     | Reached skill level 12 in Earth Magic
  8686 | D:10     | Noticed a skeletal warrior
  8688 | D:10     | Killed a skeletal warrior
  8688 | D:10     | Noticed a skeletal warrior
  8688 | D:10     | Noticed a skeletal warrior
  8689 | D:10     | Killed a skeletal warrior
  8691 | D:10     | Killed a skeletal warrior
  8846 | D:10     | Killed a skeletal warrior
  8976 | D:10     | Found Bafe's Distillery.
  8981 | D:10     | Bought a potion of heal wounds for 80 gold pieces
  8981 | D:10     | Bought a potion of heal wounds for 80 gold pieces
  8981 | D:10     | Bought a potion of resistance for 160 gold pieces
  8981 | D:10     | Bought 2 potions of curing for 96 gold pieces
  8981 | D:10     | Bought a potion of mutation for 128 gold pieces
  8981 | D:10     | Bought a potion of cancellation for 128 gold pieces
  9312 | D:10     | Found a staircase to the Orcish Mines.
 10135 | Orc:1    | Entered Level 1 of the Orcish Mines
 10442 | Orc:2    | Entered Level 2 of the Orcish Mines
 10828 | Orc:2    | Reached skill level 13 in Earth Magic
 10903 | Orc:2    | Found a roughly hewn altar of Beogh.
 11200 | Orc:1    | Found Cyvvyull's Weapon Boutique.
 11270 | Orc:1    | Noticed Fannar
 11294 | Orc:1    | Killed Fannar
 11588 | Orc:2    | Reached XP level 12. HP: 64/81 MP: 13/32
 11739 | Orc:2    | Noticed an orc warlord
 11886 | Orc:2    | Paralysed by an orc sorcerer for 6 turns
 12327 | D:11     | Found Hunonail's Distillery.
 12645 | D:11     | Bought a potion of heal wounds for 60 gold pieces
 12645 | D:11     | Bought a potion of heal wounds for 60 gold pieces
 12645 | D:11     | Bought a potion of haste for 120 gold pieces
 12645 | D:11     | Bought a potion of resistance for 120 gold pieces
 12645 | D:11     | Bought a potion of curing for 36 gold pieces
 12702 | D:11     | Found a staircase to the Lair.
 13613 | D:12     | Reached skill level 14 in Earth Magic
 13718 | D:12     | Found a snail-covered altar of Cheibriados.
 13991 | D:12     | Found a shimmering blue altar of Sif Muna.
 14163 | D:12     | Found a glowing golden altar of the Shining One.
 14498 | D:13     | Noticed a centaur warrior
 14502 | D:13     | Reached skill level 1 in Shields
 14502 | D:13     | Killed a centaur warrior
 14621 | D:13     | Noticed a vault guard
 14621 | D:13     | Noticed a vault guard
 14628 | D:13     | Killed a vault guard
 14628 | D:13     | Killed a vault guard
 14637 | D:13     | Noticed a vault guard
 14638 | D:13     | Killed a vault guard
 14638 | D:13     | Reached XP level 13. HP: 86/86 MP: 17/35
 14697 | D:13     | Found a gate to the Vaults.
 14708 | D:13     | Got a shimmering plate armour
 14974 | D:13     | Identified the +4 plate armour of Demons {Int+2} (You found
                  | it on level 13 of the Dungeon)
 15557 | D:14     | Found a gate leading to a gauntlet.
 15566 | Gauntlet | Entered a Gauntlet
 15566 | Gauntlet | Found a transporter.
 15566 | Gauntlet | Found a transporter.
 15566 | Gauntlet | Found a transporter.
 15575 | Gauntlet | Found a transporter.
 15585 | Gauntlet | Found a transporter.
 15600 | Gauntlet | Found a transporter.
 15610 | Gauntlet | Found a transporter.
 15625 | Gauntlet | Found a transporter.
 15627 | Gauntlet | Found a large runed translucent door.
 15628 | Gauntlet | Found a large runed translucent door.
 15629 | Gauntlet | Found a large runed translucent door.
 15629 | Gauntlet | Found a large runed translucent door.
 15630 | Gauntlet | Found a runed translucent gate.
 15631 | Gauntlet | Found a transporter.
 15631 | Gauntlet | Found a runed translucent gate.
 15632 | Gauntlet | Found a runed translucent gate.
 15633 | Gauntlet | Found a large runed translucent door.
 15633 | Gauntlet | Found a large runed translucent door.
 15634 | Gauntlet | Found a large runed translucent door.
 15635 | Gauntlet | Found a large runed translucent door.
 15645 | Gauntlet | Found a transporter.
 15646 | Gauntlet | Found a large runed translucent door.
 15646 | Gauntlet | Found a large runed translucent door.
 15646 | Gauntlet | Found a runed translucent door.
 15647 | Gauntlet | Found a large runed translucent door.
 15648 | Gauntlet | Found a large runed translucent door.
 15651 | Gauntlet | Found a transporter.
 15654 | Gauntlet | Found a transporter.
 15656 | Gauntlet | Found a runed translucent door.
 15657 | Gauntlet | Found a large runed translucent door.
 15657 | Gauntlet | Found a large runed translucent door.
 15658 | Gauntlet | Found a large runed translucent door.
 15659 | Gauntlet | Found a large runed translucent door.
 15767 | Gauntlet | Got a vibrating amber ring
 15809 | Gauntlet | Identified the ring "Anurutel" {rF+ Slay+1} (You found it
                  | in a Gauntlet)
 15983 | Gauntlet | Identified the cursed +1 falchion "Qyptes" {drain, MR+
                  | Int+2}
 15983 | Gauntlet | Identified the ring "Papazubu" {rPois MR+ Int+4 Slay+3}
 15983 | Gauntlet | Noticed a minotaur
 15987 | Gauntlet | Killed a minotaur
 15987 | Gauntlet | Reached skill level 5 in Shields
 16009 | Gauntlet | Found the +9 sword of Zonguldrok {reap}
 16010 | Gauntlet | Got a steaming flail
 16012 | Gauntlet | Identified the +11 flail of Equilibrium {protect, Int+3}
                  | (You found it in a Gauntlet)
 16459 | D:14     | Reached skill level 15 in Earth Magic
 16515 | D:14     | Slain by a wraith

Levels and vault maps discovered:
D:1:      co_arrival_square_in_a_square_in_a_square, layout_rooms
D:2:      layout_loops_ring
D:3:      layout_basic, lemuel_round_altar
D:4:      layout_basic
D:5:      layout_loops_ring, old_standard_altar,
          amethyst_overflow_temple_binary, first_ration, grunt_ministairs_9,
          uniq_sigmund
D:6:      layout_rooms, minmay_temple_entry_ruins, uniq_grinder, uniq_edmund
D:7:      layout_loops_ring, marbit_many_paths, nicolae_ossuary_entry_monument
D:8:      layout_basic, hangedman_ranch [blue_anna_fruit_fields], uniq_grum,
          uniq_pikel, uniq_psyche
D:9:      layout_roguey, kiku_gazebo_garden_becter
D:10:     layout_basic, zombieorc2_lemuel, serial_shops, kennysheep_little_box
D:11:     layout_roguey, dpeg_lair_monsters, serial_shops, shop_statue,
          minmay_misc_feat_tiny
D:12:     layout_basic, basic_altar, hangedman_feature_mirror,
          minmay_fountain_box, grunt_ministairs_6, kennysheep_generic_room_9
D:13:     layout_basic, ximxim_vaults_locker_room
D:14:     layout_basic, gauntlet_entry_generic, serial_corexii_hall,
          corexii_hall_statues_t, corexii_hall_statues_deadend,
          corexii_hall_statues_x, chequers_hall_statues_corner_a,
          chequers_serial_rivers_micro_c, uniq_snorg
Orc:1:    layout_diamond_mine, serial_shops, shop, uniq_fannar
Orc:2:    grunt_orc_cross, layout_diamond_mine, basic_altar

Skill      XL: |  1  2  3  4  5  6  7  8  9 10 11 12 13 |
---------------+----------------------------------------+-----
Spellcasting   | 2 3 4 6 7 9 10 12 13 | 13.9
Earth Magic    | 3 4 5 6 8 10 11 13 14 15 | 15.0
Shields        | 2 5 |  5.5
Dodging        | |  1.7
Stealth        | |  1.7
Transmutations | |  0.8

Action                   |  1- 3 |  4- 6 |  7- 9 | 10-12 | 13-15 || total
-------------------------+-------+-------+-------+-------+-------++-------
Melee: Unarmed           |    67 |       |       |       |       ||    67
       Spear             |    13 |    29 |    91 |       |       ||   133
       Dire flail        |       |       |    46 |   263 |    25 ||   334
       Falchion          |       |       |       |       |    25 ||    25
 Cast: Sandblast         |    49 |    27 |    36 |    41 |     6 ||   159
       Stone Arrow       |     4 |    13 |    63 |   221 |    17 ||   318
       Lee's Rapid Decon |       |       |    15 |   118 |    51 ||   184
       Petrify           |       |       |       |    21 |       ||    21
Evoke: Wand              |       |       |     4 |     6 |       ||    10
  Use: Scroll            |     1 |     7 |     7 |     9 |     5 ||    29
       Potion            |     1 |     1 |     4 |     1 |     4 ||    11
 Stab: Sleeping          |     2 |     2 |     6 |     3 |       ||    13
       Distracted        |     1 |       |       |       |       ||     1
       Paralysed         |       |       |     5 |       |       ||     5
  Eat: Chunk             |     4 |     3 |     8 |    26 |     4 ||    45
       Ration            |       |       |     3 |     2 |       ||     5
Armor: Robe              |    22 |     9 |    43 |   155 |    35 ||   264
       Skin              |       |     3 |       |       |       ||     3
Dodge: Dodged            |    82 |    19 |   107 |   285 |    50 ||   543
Block: Buckler           |       |       |       |       |    10 ||    10
       Rpst.: Falchion   |       |       |       |       |     3 ||     3
